% Time on Ice - SAN JOSE BRONCOS
Lines # - Real PCT - Wanted PCT - Time Play
Normal Forward
1 - 24% - 25% - 11:57
2 - 25% - 25% - 12:34
3 - 27% - 25% - 13:41
4 - 25% - 25% - 12:33
Normal Defense
1 - 30% - 30% - 15:18
2 - 31% - 30% - 15:58
3 - 31% - 30% - 15:44
4 - 7% - 10% - 3:45
PP Forward
1 - 61% - 50% - 2:24
2 - 39% - 50% - 1:34
PP Defense
1 - 39% - 50% - 1:34
2 - 61% - 50% - 2:24
PK Forward
1 - 53% - 50% - 2:48
2 - 47% - 50% - 2:29
PK Defense
1 - 50% - 50% - 2:39
2 - 50% - 50% - 2:38
PK3 Forward
1 - 0% - 50%
2 - 0% - 50%
PK3 Defense
1 - 0% - 50%
2 - 0% - 50%
44 Forward
1 - 0% - 50%
2 - 0% - 50%
44 Defense
1 - 0% - 50%
2 - 0% - 50%
Last Minute Offensive  - 0:00
Last Minute Defensive  - 0:00
Total
Forward - 60:00
Defense - 60:00
% Time on Ice - SEATTLE GRUNGE
Lines # - Real PCT - Wanted PCT - Time Play
Normal Forward
1 - 29% - 36% - 14:41
2 - 30% - 31% - 15:00
3 - 30% - 23% - 15:14
4 - 11% - 10% - 5:50
Normal Defense
1 - 30% - 36% - 15:01
2 - 31% - 31% - 15:50
3 - 28% - 23% - 14:22
4 - 11% - 10% - 5:32
PP Forward
1 - 50% - 55% - 2:39
2 - 50% - 45% - 2:38
PP Defense
1 - 50% - 55% - 2:39
2 - 50% - 45% - 2:38
PK Forward
1 - 64% - 55% - 2:32
2 - 36% - 45% - 1:26
PK Defense
1 - 43% - 55% - 1:42
2 - 57% - 45% - 2:16
PK3 Forward
1 - 0% - 55%
2 - 0% - 45%
PK3 Defense
1 - 0% - 55%
2 - 0% - 45%
44 Forward
1 - 0% - 55%
2 - 0% - 45%
44 Defense
1 - 0% - 55%
2 - 0% - 45%
Last Minute Offensive  - 0:00
Last Minute Defensive  - 0:00
Total
Forward - 60:00
Defense - 60:00
Play-by-Play 1st period 0:01 of 1st period - Tyler Seguin wins face-off versus Clayton Keller in neutral zone. 0:04 of 1st period - Shot by William Nylander. 0:04 of 1st period - Shot Misses the Net. 0:18 of 1st period - Shot by Clayton Keller. 0:18 of 1st period - Shot Misses the Net. 0:20 of 1st period - Shot by Neal Pionk. 0:20 of 1st period - Goal by Neal Pionk - SAN JOSE BRONCOS : 1 - SEATTLE GRUNGE : 0. 0:21 of 1st period - Alexander Kerfoot wins face-off versus Travis Boyd in neutral zone. 0:59 of 1st period - Shot by Cole Caufield. 0:59 of 1st period - Shot Misses the Net. 1:58 of 1st period - Shot by Brett Leason. 1:58 of 1st period - Stopped by Karel Vejmelka without a rebound. 1:59 of 1st period - Ilya Usau wins face-off versus Tyler Seguin in SEATTLE GRUNGE zone. 2:04 of 1st period - Shot by Neal Pionk. 2:04 of 1st period - Goal by Neal Pionk - SAN JOSE BRONCOS : 2 - SEATTLE GRUNGE : 0. 2:05 of 1st period - Ilya Usau wins face-off versus Tyler Seguin in neutral zone. 2:21 of 1st period - Shot by William Nylander. 2:21 of 1st period - Shot Blocked by Jaccob Slavin. 2:23 of 1st period - Shot by Brett Kulak. 2:23 of 1st period - Goal by Brett Kulak - SAN JOSE BRONCOS : 2 - SEATTLE GRUNGE : 1. 2:24 of 1st period - Chris Tierney wins face-off versus Clayton Keller in neutral zone. 2:40 of 1st period - Icing by Adam Pelech. 2:41 of 1st period - Clayton Keller wins face-off versus Travis Boyd in SAN JOSE BRONCOS zone. 3:04 of 1st period - Shot by Clayton Keller. 3:04 of 1st period - Shot Misses the Net. 3:58 of 1st period - Shot by Tyler Seguin. 3:58 of 1st period - Shot Misses the Net. 4:06 of 1st period - Shot by Tyler Seguin. 4:06 of 1st period - Shot Blocked by Damon Severson. 4:08 of 1st period - Shot by Warren Foegele. 4:08 of 1st period - Stopped by John Gibson without a rebound. 4:09 of 1st period - Curtis Lazar wins face-off versus Ilya Usau in SAN JOSE BRONCOS zone. 4:31 of 1st period - Shot by Jakub Vrana. 4:31 of 1st period - Shot Misses the Net. 4:41 of 1st period - Shot by Brett Leason. 4:41 of 1st period - Deflect By Jonathan Gruden. 4:41 of 1st period - Stopped by Karel Vejmelka without a rebound. 4:42 of 1st period - Chris Tierney wins face-off versus Tomas Nosek in SEATTLE GRUNGE zone. 4:49 of 1st period - Shot by Chris Tierney. 4:49 of 1st period - Shot Misses the Net. 5:01 of 1st period - Shot by Neal Pionk. 5:01 of 1st period - Stopped by Karel Vejmelka without a rebound. 5:02 of 1st period - Travis Boyd wins face-off versus Alexander Kerfoot in SEATTLE GRUNGE zone. 5:23 of 1st period - Alexander Kerfoot is hit by Jimmy Vesey and loses puck. 6:23 of 1st period - Icing by Neal Pionk. 6:24 of 1st period - Ilya Usau wins face-off versus Curtis Lazar in SAN JOSE BRONCOS zone. 6:29 of 1st period - Shot by Brett Leason. 6:29 of 1st period - Shot Misses the Net. 6:37 of 1st period - Icing by Nikita Zaitsev. 6:38 of 1st period - Tomas Nosek wins face-off versus Curtis Lazar in SEATTLE GRUNGE zone. 6:38 of 1st period - Tomas Nosek is hit by Nikita Zaitsev. 6:48 of 1st period - Shot by Brayden Point. 6:48 of 1st period - Deflect By Tomas Nosek. 6:48 of 1st period - Shot Misses the Net. 8:00 of 1st period - Icing by William Nylander. 8:01 of 1st period - Tyler Seguin wins face-off versus Alexander Kerfoot in SEATTLE GRUNGE zone. 8:18 of 1st period - Shot by Alexander Kerfoot. 8:18 of 1st period - Shot Misses the Net. 8:26 of 1st period - Shot by Travis Boyd. 8:26 of 1st period - Shot Misses the Net. 9:14 of 1st period - Shot by Alexey Toropchenko. 9:14 of 1st period - Stopped by John Gibson without a rebound. 9:15 of 1st period - William Nylander wins face-off versus Clayton Keller in SAN JOSE BRONCOS zone. 10:06 of 1st period - Shot by Alexey Toropchenko. 10:06 of 1st period - Shot Misses the Net. 10:08 of 1st period - Shot by Curtis Lazar. 10:08 of 1st period - Shot Misses the Net. 10:12 of 1st period - Shot by Curtis Lazar. 10:12 of 1st period - Shot Misses the Net. 10:18 of 1st period - Shot by Nick Seeler. 10:18 of 1st period - Shot Misses the Net. 10:20 of 1st period - Shot by Curtis Lazar. 10:20 of 1st period - Shot Misses the Net. 10:22 of 1st period - Shot by Alexey Toropchenko. 10:22 of 1st period - Stopped by John Gibson without a rebound. 10:23 of 1st period - Travis Boyd wins face-off versus Brett Leason in SAN JOSE BRONCOS zone. 10:23 of 1st period - Morgan Geekie is hit by Neal Pionk and loses puck. 10:36 of 1st period - Shot by Brett Leason. 10:36 of 1st period - Shot Blocked by Travis Sanheim. 10:50 of 1st period - Shot by Brett Leason. 10:50 of 1st period - Stopped by Karel Vejmelka with a rebound. 11:26 of 1st period - Shot by Tomas Nosek. 11:26 of 1st period - Stopped by Karel Vejmelka without a rebound. 11:27 of 1st period - Tyler Seguin wins face-off versus Jesse Puljujarvi in SEATTLE GRUNGE zone. 12:06 of 1st period - Shot by Cole Caufield. 12:06 of 1st period - Shot Misses the Net. 12:28 of 1st period - Shot by Brayden Point. 12:28 of 1st period - Shot Blocked by Nick Seeler. 12:55 of 1st period - Shot by Alexey Toropchenko. 12:55 of 1st period - Deflect By Jakub Vrana. 12:55 of 1st period - Stopped by John Gibson without a rebound. 12:56 of 1st period - Travis Boyd wins face-off versus Ilya Usau in SAN JOSE BRONCOS zone. 12:56 of 1st period - Travis Boyd is hit by Jake Bean. 12:59 of 1st period - Jimmy Vesey is hit by Jake Walman and loses puck. 13:28 of 1st period - Shot by Morgan Geekie. 13:28 of 1st period - Shot Misses the Net. 13:30 of 1st period - Shot by Travis Sanheim. 13:30 of 1st period - Stopped by John Gibson without a rebound. 13:31 of 1st period - Chris Tierney wins face-off versus Clayton Keller in SAN JOSE BRONCOS zone. 13:32 of 1st period - Shot by William Nylander. 13:32 of 1st period - Stopped by John Gibson with a rebound. 13:34 of 1st period - Shot by William Nylander. 13:34 of 1st period - Stopped by John Gibson without a rebound. 13:35 of 1st period - Tyler Seguin wins face-off versus Clayton Keller in SAN JOSE BRONCOS zone. 14:15 of 1st period - Off-side. 14:16 of 1st period - Tomas Nosek wins face-off versus Curtis Lazar in neutral zone. 14:48 of 1st period - Icing by Curtis Lazar. 14:49 of 1st period - Alexander Kerfoot wins face-off versus Alexey Toropchenko in SEATTLE GRUNGE zone. 15:20 of 1st period - Alexander Kerfoot is hit by Alexey Toropchenko and loses puck. 16:06 of 1st period - Shot by Tyler Seguin. 16:06 of 1st period - Shot Misses the Net. 16:08 of 1st period - Shot by Nikita Zaitsev. 16:08 of 1st period - Stopped by John Gibson with a rebound. 16:23 of 1st period - Off-side. 16:24 of 1st period - Tomas Nosek wins face-off versus Travis Boyd in neutral zone. 16:48 of 1st period - Icing by Jake Walman. 16:49 of 1st period - Chris Tierney wins face-off versus Tomas Nosek in SAN JOSE BRONCOS zone. 17:21 of 1st period - Chris Tierney is hit by Jake Bean. 17:25 of 1st period - Shot by Rem Pitlick. 17:25 of 1st period - Shot Misses the Net. 17:46 of 1st period - Shot by Curtis Lazar. 17:46 of 1st period - Stopped by John Gibson without a rebound. 17:47 of 1st period - Travis Boyd wins face-off versus Clayton Keller in SAN JOSE BRONCOS zone. 17:48 of 1st period - Shot by Morgan Geekie. 17:48 of 1st period - Stopped by John Gibson without a rebound. 17:49 of 1st period - Travis Boyd wins face-off versus Oliver Bjorkstrand in SAN JOSE BRONCOS zone. 18:08 of 1st period - Shot by Morgan Geekie. 18:08 of 1st period - Shot Misses the Net. 18:36 of 1st period - Shot by Clayton Keller. 18:36 of 1st period - Shot Blocked by Nikita Zaitsev. 19:00 of 1st period - Shot by William Nylander. 19:00 of 1st period - Stopped by John Gibson without a rebound. 19:01 of 1st period - Tyler Seguin wins face-off versus Brett Leason in SAN JOSE BRONCOS zone. Goals for this period are 2 for SAN JOSE BRONCOS vs 1 for SEATTLE GRUNGE. Shots for this period are 7 for SAN JOSE BRONCOS vs 12 for SEATTLE GRUNGE. 2nd period 0:01 of 2nd period - Tyler Seguin wins face-off versus Alexander Kerfoot in neutral zone. 0:04 of 2nd period - Alexander Kerfoot is hit by Warren Foegele and loses puck. 0:09 of 2nd period - Shot by Tyler Seguin. 0:09 of 2nd period - Stopped by John Gibson without a rebound. 0:10 of 2nd period - Chris Tierney wins face-off versus Clayton Keller in SAN JOSE BRONCOS zone. 0:50 of 2nd period - Icing by Clayton Keller. 0:51 of 2nd period - Clayton Keller wins face-off versus Jakub Vrana in SAN JOSE BRONCOS zone. 0:51 of 2nd period - Jesper Bratt is hit by Curtis Lazar. 1:06 of 2nd period - Shot by Clayton Keller. 1:06 of 2nd period - Stopped by Karel Vejmelka with a rebound. 1:18 of 2nd period - Shot by Alexey Toropchenko. 1:18 of 2nd period - Shot Misses the Net. 1:20 of 2nd period - Shot by Curtis Lazar. 1:20 of 2nd period - Deflect By Jakub Vrana. 1:20 of 2nd period - Goal by Jakub Vrana - SAN JOSE BRONCOS : 2 - SEATTLE GRUNGE : 2. 1:21 of 2nd period - Morgan Geekie wins face-off versus Cole Caufield in neutral zone. 1:37 of 2nd period - Minor Penalty to Adam Pelech for Close Hand On Puck. 1:38 of 2nd period - Tyler Seguin wins face-off versus Cole Caufield in SAN JOSE BRONCOS zone. 1:45 of 2nd period - Shot by Tyler Seguin. 1:45 of 2nd period - Stopped by John Gibson without a rebound. 1:46 of 2nd period - Clayton Keller wins face-off versus Warren Foegele in SAN JOSE BRONCOS zone. 2:09 of 2nd period - Shot by William Nylander. 2:09 of 2nd period - Shot Blocked by Damon Severson. 2:11 of 2nd period - Shot by Travis Sanheim. 2:11 of 2nd period - Shot Misses the Net. 2:13 of 2nd period - Shot by Travis Sanheim. 2:13 of 2nd period - Shot Misses the Net. 2:15 of 2nd period - Shot by Brett Kulak. 2:15 of 2nd period - Stopped by John Gibson without a rebound. 2:16 of 2nd period - Morgan Geekie wins face-off versus Oliver Bjorkstrand in SAN JOSE BRONCOS zone. 2:21 of 2nd period - Shot by Travis Boyd. 2:21 of 2nd period - Stopped by John Gibson without a rebound. 2:22 of 2nd period - Travis Boyd wins face-off versus Oliver Bjorkstrand in SAN JOSE BRONCOS zone. 2:45 of 2nd period - Shot by Travis Boyd. 2:45 of 2nd period - Shot Misses the Net. 2:47 of 2nd period - Shot by Nikita Zaitsev. 2:47 of 2nd period - Shot Blocked by Jaccob Slavin. 2:49 of 2nd period - Shot by Travis Boyd. 2:49 of 2nd period - Deflect By Morgan Geekie. 2:49 of 2nd period - Stopped by John Gibson without a rebound. 2:50 of 2nd period - Tyler Seguin wins face-off versus Clayton Keller in SAN JOSE BRONCOS zone. 3:01 of 2nd period - Shot by Tyler Seguin. 3:01 of 2nd period - Goal by Tyler Seguin - SAN JOSE BRONCOS : 2 - SEATTLE GRUNGE : 3. 3:02 of 2nd period - Curtis Lazar wins face-off versus Ilya Usau in neutral zone. 3:02 of 2nd period - Curtis Lazar is hit by Jonathan Gruden. 3:25 of 2nd period - Icing by Neal Pionk. 3:26 of 2nd period - Tyler Seguin wins face-off versus Ilya Usau in SAN JOSE BRONCOS zone. 3:39 of 2nd period - Shot by Tyler Seguin. 3:39 of 2nd period - Stopped by John Gibson without a rebound. 3:40 of 2nd period - Alexander Kerfoot wins face-off versus Travis Boyd in SAN JOSE BRONCOS zone. 3:49 of 2nd period - Shot by Cole Caufield. 3:49 of 2nd period - Shot Blocked by Kaiden Guhle. 4:11 of 2nd period - Jake Walman is hit by Jimmy Vesey and loses puck. 4:40 of 2nd period - Shot by Warren Foegele. 4:40 of 2nd period - Stopped by John Gibson without a rebound. 4:41 of 2nd period - Tomas Nosek wins face-off versus Curtis Lazar in SAN JOSE BRONCOS zone. 4:41 of 2nd period - Tomas Nosek is hit by Curtis Lazar. 4:58 of 2nd period - Off-side. 4:59 of 2nd period - Tyler Seguin wins face-off versus Ilya Usau in neutral zone. 5:16 of 2nd period - Shot by Adam Pelech. 5:16 of 2nd period - Shot Blocked by Tyler Seguin. 5:38 of 2nd period - Shot by William Nylander. 5:38 of 2nd period - Shot Misses the Net. 5:47 of 2nd period - Off-side. 5:48 of 2nd period - Tomas Nosek wins face-off versus Travis Boyd in neutral zone. 6:01 of 2nd period - Shot by Travis Boyd. 6:01 of 2nd period - Shot Misses the Net. 6:13 of 2nd period - Shot by Brayden Point. 6:13 of 2nd period - Stopped by Karel Vejmelka without a rebound. 6:14 of 2nd period - Curtis Lazar wins face-off versus Clayton Keller in SEATTLE GRUNGE zone. 6:27 of 2nd period - Shot by William Borgen. 6:27 of 2nd period - Stopped by John Gibson with a rebound. 6:29 of 2nd period - Shot by William Borgen. 6:29 of 2nd period - Deflect By Jakub Vrana. 6:29 of 2nd period - Stopped by John Gibson with a rebound. 6:31 of 2nd period - Shot by Nick Seeler. 6:31 of 2nd period - Stopped by John Gibson without a rebound. 6:32 of 2nd period - Chris Tierney wins face-off versus Alexander Kerfoot in SAN JOSE BRONCOS zon